 Dungeon Crawl Stone Soup version 0.31-a0-986-g5e6e4ef867 (webtiles) character file.

Game seed: 18253847896469749832

134 FakeRyeBread the Ruffian (level 4, -1/45 HPs)
             Began as a Troll Fighter on Nov 10, 2023.
             Slain by a gnoll
             ... wielding a +0 flail
              (5 damage)
             ... on level 3 of the Dungeon.
             The game lasted 00:02:15 (1147 turns).

FakeRyeBread the Ruffian (Troll Fighter)            Turns: 1147, Time: 00:02:16

Health: -1/45      AC:  4    Str: 24    XL:     4   Next: 95%
Magic:  3/3        EV:  8    Int:  6    God:
Gold:   78         SH:  8    Dex:  9    Spells: 3/3 levels left

rFire   . .          .
                       - Unarmed
rCold   . . .        b - +0 kite shield
rNeg    . . .        a - +0 robe
rPois   .            (helmet restricted)
rElec   .            l - scarf {shadows}
rCorr   .            (gloves unavailable)
SInv    .            (boots unavailable)
Will    .....        (no amulet)
Stlth   +            (no ring)
HPRegen 1.07/turn    (no ring)
MPRegen 0.08/turn

%: no passive effects
@: no status effects
A: large, unfitting armour, claws 3, regeneration 1, shaggy fur 1, tough skin 1
a: no special abilities


You were on level 3 of the Dungeon.
You visited 1 branch of the dungeon, and saw 3 of its levels.

You collected 78 gold pieces.

Inventory:

Armour
 a - a +0 robe (worn)
 b - a +0 kite shield (worn)
 l - a scarf of shadows (worn)
Potions
 c - a potion of might
 e - a potion of heal wounds {unknown}
 g - a potion of ambrosia {unknown}
 h - 2 potions of haste {unknown}
 k - 2 potions of brilliance {unknown}
 m - a potion of mutation {unknown}


   Skills:
 + Level 3.1 Fighting
 - Level 2.4 Dodging
 + Level 3.4 Shields
 * Level 4.0 Unarmed Combat


You had 3 spell levels left.
You didn't know any spells.
Your spell library contained the following spells:

 Spells                   Type           Power      Damage    Failure   Level
 Magic Dart               Conj           0%         1d3       71%         1
 Call Imp                 Summ           0%         N/A       85%         2
 Sublimation of Blood     Necr           0%         N/A       85%         2
 Wereblood                Tmut           0%         N/A       85%         2
 Mephitic Cloud           Conj/Pois/Air  0%         N/A       97%         3
 Summon Hydra             Summ           0%         N/A       100%        7


Dungeon Overview and Level Annotations

Branches:
Dungeon (3/15)

Altars:


Innate Abilities, Weirdness & Mutations

You are too large for most types of armour.
You have claws for hands.
Your natural rate of healing is unusually fast.
You are covered in fur. (AC +1)
You have tough skin. (AC +1)


Message History

HP restored.
Things that are here:
a +0 whip; a gnoll corpse 3 gnolls and a kobold come into view.
The gnoll shouts! x3; You hear a shout! x2
The gnoll hits you from afar with a +0 spear.
The kobold attacks as it pursues you! The kobold hits you with a +0 whip.
You closely miss the kobold.
The gnoll hits you from afar with a +0 spear.
The gnoll hits you from afar with a +0 spear!
The kobold hits you with a +0 whip.
You closely miss the kobold.
The gnoll hits you from afar with a +0 spear.
You block the kobold's attack.
You scratch the kobold.
You kill the kobold!
The gnoll hits you from afar with a +0 spear!
The gnoll hits you with a +0 spear! You block the gnoll's attack.
You see here a +0 whip.
You scratch the gnoll.
The gnoll is moderately wounded.
The gnoll hits you with a +0 spear. You block the gnoll's attack.
You scratch the gnoll.
The gnoll is heavily wounded.
The gnoll hits you with a +0 spear.
* * * LOW HITPOINT WARNING * * *
The gnoll closely misses you.
You claw the gnoll!
You kill the gnoll!
The gnoll hits you from afar with a +0 spear.
* * * LOW HITPOINT WARNING * * *
Your Unarmed Combat skill increases to level 4!
A hobgoblin comes into view.
The hobgoblin shouts!
The gnoll barely misses you. You block the gnoll's attack.
You see here a +0 spear.
You barely miss the gnoll. The gnoll hits you with a +0 spear!
* * * LOW HITPOINT WARNING * * *
The gnoll hits you with a +0 flail.
You die...

# ..##
#..... .
.#... ..
...# ..#
#####..##..#
......gg...#
#.. #@#
..#..# ##)#
.... #).#
... #.## #.#
#.######.#
#.##.....#
#.##.###.#
#.##.###.#
#.#...##.###


You could see 2 gnolls.

Vanquished Creatures
  A scorpion (D:2)
  2 gnolls (D:3)
  An adder (D:2)
  6 ball pythons
  3 bats
  4 endoplasms
  3 giant cockroaches
  2 goblins
  6 hobgoblins
  9 kobolds
  4 quokkas
  A frilled lizard (D:1)
  4 rats (D:1)
46 creatures vanquished.

Notes
Turn   | Place    | Note
-------+----------+-------------------------------------------
     0 | D:1      | FakeRyeBread the Troll Fighter began the quest for the Orb.
     0 | D:1      | Reached XP level 1. HP: 22/22 MP: 0/0
   122 | D:1      | Reached XP level 2. HP: 29/29 MP: 1/1
   238 | D:1      | Found a faded altar of an unknown god.
   493 | D:1      | Reached XP level 3. HP: 36/36 MP: 2/2
   651 | D:2      | Reached skill level 3 in Unarmed Combat
   931 | D:2      | Noticed a scorpion
   938 | D:2      | Killed a scorpion
   939 | D:2      | Reached XP level 4. HP: 45/45 MP: 3/3
  1146 | D:3      | Reached skill level 4 in Unarmed Combat
  1147 | D:3      | Slain by a gnoll

Illustrated notes

Levels and vault maps discovered:
D:1:      dpeg_arrival_rooms_c, layout_loops_ring,
          hellmonk_ecumenical_altar_pennies_from_heaven,
          chequers_serial_rivers_small_a, dreamdust_mushroom_princess,
          minmay_misc_feat_diagonals
D:2:      layout_rooms
D:3:      minmay_roachtagon, layout_loops_ring, nicolae_dithmenos_shadow_blocks,
          nrook_mini_backslash, minmay_fractal_squares_5

Skill      XL: |  1  2  3  4 |
---------------+-------------+-----
Shields        | 3 |  3.4
Unarmed Combat | 3 4 |  4.0
Fighting       | 3 |  3.1
Dodging        | |  2.4

Action                     |  1- 3 |  4- 6 || total
---------------------------+-------+-------++-------
  Melee: Unarmed           |    85 |    18 ||   103
    Use: Scroll            |       |     4 ||     4
   Stab: Sleeping          |     1 |       ||     1
 Armour: Robe              |    36 |    18 ||    54
  Dodge: Dodged            |    23 |    11 ||    34
  Block: Kite shield       |    17 |    13 ||    30

Table legend: (Time is in decaauts)
 A = Elapsed time spent in this place.
 B = Non-inter-level travel time spent in this place.
 C = Inter-level travel time spent in this place.
 D = Time resting spent in this place.
 E = Time spent auto-exploring this place.
 F = Levels seen in this place.
 G = Mean time per level.
                   A        B        C        D        E       F      G
               +--------+--------+--------+--------+--------+-----+--------+
         Total |   1152 |   1102 |     50 |      0 |    855 |   3 |  384.0 |
       Dungeon |   1152 |   1102 |     50 |      0 |    855 |   3 |  384.0 |
               +--------+--------+--------+--------+--------+-----+--------+

Top non-repeatable levels by time:
     D:1: 642 daAuts
     D:2: 457 daAuts
     D:3: 51 daAuts
